 Dungeon Crawl Stone Soup version 0.31-a0-217-g58bb5d79cf (webtiles) character file.

Game seed: 15559717944725034365

9907 qw the Cleaver (level 11, 0/72 HPs)
             Began as a Gargoyle Fighter on July 2, 2023.
             Was a Priest of Okawaru.
             Slain by a five-headed hydra (2 damage)
             ... on level 2 of the Lair of Beasts.
             The game lasted 00:04:42 (8942 turns).

qw the Cleaver (Gargoyle Fighter)                   Turns: 8942, Time: 00:04:42

Health: 0/72       AC: 29    Str: 24    XL:     11   Next: 53%
Magic:  13/14      EV:  9    Int:  9    God:    Okawaru [***...]
Gold:   404        SH:  6    Dex:  9    Spells: 10/10 levels left

rFire   . . .        k - +1 flail (holy)
rCold   . . .        c - +0 buckler
rNeg    + + .        o - +0 plate armour
rPois   inf          j - +0 helmet
rElec   +            f - +0 cloak
rCorr   .            (no gloves)
SInv    .            a - +0 pair of boots
Will    +....        (no amulet) Stlth
                     b - ring of positive energy
HPRegen 0.32/turn    l - ring of willpower
MPRegen 0.14/turn

%: no passive effects
@: about to teleport, heroic
A: sickness immunity, AC +8, negative energy resistance 1, electricity
resistance, torment resistance 1, petrification resistance
a: Renounce Religion, Heroism


You were on level 2 of the Lair of Beasts.
You worshipped Okawaru.
Okawaru was most pleased with you.
You visited 3 branches of the dungeon, and saw 11 of its levels.

You collected 503 gold pieces.
You spent 99 gold pieces at shops.


Innate Abilities, Weirdness & Mutations

You are immune to sickness and miasma.
Your stone body is resilient. (AC +8)
You are immune to poison.
You resist negative energy. (rN+)
You are resistant to electric shocks. (rElec)
You are resistant to unholy torment.
You are immune to petrification.


   Skills:
 - Level 10.0(15.0) Fighting
 + Level 12.0(17.0) Axes
 - Level 1.1(6.1) Throwing
 - Level 9.0(14.0) Armour
 - Level 2.3(7.3) Dodging
 - Level 6.1(11.1) Shields
 - Level 4.0 Invocations


You had 10 spell levels left.
You didn't know any spells.
Your spell library was empty.

Inventory:

Hand Weapons
 k - a +1 flail of holy wrath (weapon)
 Y - a +0 war axe
Missiles
 r - 5 boomerangs (quivered)
Armour
 a - a +0 pair of boots (worn)
 c - a +0 buckler (worn)
 f - a +0 cloak (worn)
 j - a +0 helmet (worn)
 o - a +0 plate armour (worn)
Jewellery
 b - a ring of positive energy (left hand)
 l - a ring of willpower (right hand)
Scrolls
 i - a scroll of identify
Potions
 d - a potion of might
 e - 4 potions of curing
 g - 2 potions of cancellation
 h - 2 potions of lignification
 p - a potion of attraction
 s - a potion of berserk rage {unknown}

Dungeon Overview and Level Annotations

Branches:
Dungeon (8/15)             Temple (1/1) D:5            Lair (2/5) D:8
  Swamp: Lair:2-3    Shoals: Lair:2-3     Snake: Lair:2-3    Spider: Lair:2-3

Altars:
Ashenzari
Cheibriados
Dithmenos
Elyvilon
Fedhas
Gozag
Hepliaklqana
Kikubaaqudgha
Nemelex Xobeh
Okawaru
Qazlal
Ru
Sif Muna
Trog
Uskayaw
Wu Jian
Xom
Yredelemnul
Zin
The Shining One

Shops:
D:5 !

Annotations:
D:4 2 runed translucent doors, qw's ghost, weakling MiHs


Message History

You throw a boomerang.
The boomerang completely misses the five-headed hydra.
You throw a boomerang.
The boomerang hits the five-headed hydra!
The five-headed hydra is moderately wounded.
You throw a boomerang.
The boomerang hits the five-headed hydra.
The five-headed hydra is moderately wounded.
You throw a boomerang.
The boomerang hits the five-headed hydra!
The five-headed hydra is heavily wounded.
8937 ||| SWAPPING to +1 flail of holy wrath.
Your +1 flail of holy wrath softly glows with a divine radiance!
k - a +1 flail of holy wrath (weapon)
You hit the five-headed hydra.
The five-headed hydra is heavily wounded.
You completely miss the five-headed hydra.
The five-headed hydra is heavily wounded.
The five-headed hydra bites you but does no damage.
The five-headed hydra bites you.
The five-headed hydra bites you but does no damage. x2
You block the five-headed hydra's attack.
You bludgeon the five-headed hydra!!
The five-headed hydra is severely wounded.
The five-headed hydra bites you but does no damage.
The five-headed hydra bites you! x2
The five-headed hydra bites you but does no damage. x2
8941 ||| READING scroll of teleportation.
As you read the scroll of teleportation, it crumbles to dust.
You feel strangely unstable.
The five-headed hydra closely misses you.
The five-headed hydra barely misses you.
The five-headed hydra bites you but does no damage.
You block the five-headed hydra's attack.
The five-headed hydra bites you.
You sock the five-headed hydra!
The five-headed hydra is almost dead.
The five-headed hydra bites you but does no damage. x3
The five-headed hydra bites you.
You die...

#...#.#.####....##
#...............#
#####...#.##P#.#P...####
#..###..#.#######...#P.#
<........## ##.......
..........######........
........................
........................
...............D@.......
.#.#########.P###....###
#### ### .#### ##


You could see a five-headed hydra.

Vanquished Creatures
  A hydra (Lair:2)
  A death yak (Lair:1)
  A black mamba (Lair:1)
  A cane toad (Lair:1)
  2 komodo dragons
  11 blink frogs
  Grinder (D:6)
  Sigmund (D:3)
  A shadow (D:8)
  A wyvern (Lair:1)
  A basilisk (Lair:1)
  2 yaks
  3 steam dragons
  Eustachio (D:5)
  An acid dragon (D:8)
  8 water moccasins
  A sky beast (D:7)
  2 black bears
  An ogre (D:7)
  3 wolves (Lair:1)
  A centaur (Lair:1)
  2 kobold brigands (D:7)
  3 phantoms
  8 bullfrogs
  A gnoll sergeant (D:8)
  2 scorpions
  4 wights (D:8)
  2 hounds
  5 orc priests
  2 jellies
  Jessica (D:2)
  7 iguanas
  2 sleepcaps (D:6)
  Ijyb (D:4)
  6 orc wizards
  14 gnolls
  5 adders
  A shadow imp (D:6)
  A white imp (D:6)
  An ufetubus (D:5)
  3 worms
  A dart slug (D:2)
  21 orcs
  3 ball pythons
  6 bats
  4 endoplasms
  2 giant cockroaches
  4 goblins
  11 hobgoblins
  3 quokkas
  2 frilled lizards (D:2)
  25 kobolds
  6 rats
204 creatures vanquished.

Notes
Turn   | Place    | Note
-------+----------+-------------------------------------------
     0 | D:1      | qw the Gargoyle Fighter began the quest for the Orb.
     0 | D:1      | Reached XP level 1. HP: 14/14 MP: 1/1
     0 | D:1      | 0 ||| qw: Version: 0.3-a-40-ge99b1a8
     0 | D:1      | 0 ||| qw: Game counter: 7960
     0 | D:1      | 0 ||| qw: Melee chars always use a shield: true
     0 | D:1      | 0 ||| qw: God list: Okawaru
     0 | D:1      | 0 ||| qw: Allow faded altars: false
     0 | D:1      | 0 ||| qw: Do Orc after clearing Dungeon:15 true
     0 | D:1      | 0 ||| qw: Do second Lair branch before Depths: true
     0 | D:1      | 0 ||| qw: Lair rune preference: random
     0 | D:1      | 0 ||| qw: Goals: Normal, Zot:1-4, Slime:5, God:TSO, Crypt,
                  | Tomb, Abyss, Pan, Hells, Win
     0 | D:1      | 0 ||| PLANNING D:1-11
    54 | D:1      | Reached skill level 2 in Axes
   142 | D:1      | 142 ||| FLEEEEING.
   237 | D:1      | Reached XP level 2. HP: 18/19 MP: 2/2
   499 | D:1      | 499 ||| READING scroll labelled ILEMOENIREQ.
   500 | D:1      | 500 ||| READING scroll labelled ACKIHY AVUN.
   501 | D:1      | 501 ||| READING scroll labelled EQAM CESCHEYPP.
   504 | D:1      | 504 ||| DRINKING 2 amethyst potions.
   505 | D:1      | 505 ||| DROPPING potion of degeneration.
   577 | D:2      | Reached skill level 3 in Axes
   577 | D:2      | Reached XP level 3. HP: 10/23 MP: 3/3
   636 | D:2      | 636 ||| Stepping ~*~*~tactically~*~*~ (hiding).
   639 | D:2      | 639 ||| Stepping ~*~*~tactically~*~*~ (hiding).
   649 | D:2      | HP: 3/23 [gnoll/+0 flail (3)]
   652 | D:2      | HP: 1/23 [gnoll/+0 spear (3)]
   748 | D:2      | 748 ||| DROPPING +0 whip.
   754 | D:2      | 754 ||| Stepping ~*~*~tactically~*~*~ (stealth).
   862 | D:2      | Noticed Jessica
   871 | D:2      | 871 ||| FLEEEEING.
   879 | D:2      | HP: 5/23 [Jessica/+3 club (7)]
   880 | D:2      | Killed Jessica
   881 | D:2      | Reached skill level 4 in Axes
   881 | D:2      | Reached XP level 4. HP: 7/28 MP: 4/4
   986 | D:2      | 986 ||| Stepping ~*~*~tactically~*~*~ (hiding).
  1019 | D:2      | 1019 ||| Stepping ~*~*~tactically~*~*~ (stealth).
  1128 | D:2      | 1128 ||| Stepping ~*~*~tactically~*~*~ (stealth).
  1129 | D:2      | 1129 ||| Stepping ~*~*~tactically~*~*~ (stealth).
  1440 | D:2      | 1440 ||| DROPPING +0 flail.
  1463 | D:2      | 1463 ||| UPGRADING to +0 pair of boots.
  1468 | D:2      | 1468 ||| READING 2 scrolls of identify.
  1468 | D:2      | 1468 ||| IDENTIFYING emerald potion
  1469 | D:2      | 1469 ||| DRINKING potion of experience.
  1469 | D:2      | Reached skill level 11 in Axes
  1469 | D:2      | Reached XP level 5. HP: 32/32 MP: 5/5
  1763 | D:3      | Noticed Sigmund
  1764 | D:3      | 1764 ||| Stepping ~*~*~tactically~*~*~ (hiding).
  1793 | D:3      | Killed Sigmund
  1794 | D:3      | Reached XP level 6. HP: 17/38 MP: 6/6
  1801 | D:3      | 1801 ||| FLEEEEING.
  1802 | D:3      | 1802 ||| FLEEEEING.
  1803 | D:3      | 1803 ||| FLEEEEING.
  1804 | D:3      | 1804 ||| FLEEEEING.
  1805 | D:3      | 1805 ||| FLEEEEING.
  1806 | D:3      | 1806 ||| FLEEEEING.
  2071 | D:3      | Found an opulent altar of Gozag.
  2282 | D:3      | 2282 ||| UPGRADING to +0 cloak.
  2287 | D:3      | 2287 ||| UPGRADING to +0 chain mail.
  2297 | D:3      | 2297 ||| DROPPING +0 scale mail.
  2298 | D:3      | 2298 ||| READING scroll labelled ZUOJINE BAHISH.
  2299 | D:3      | 2299 ||| READING scroll labelled OCAUCV JUEN.
  2499 | D:4      | Reached XP level 7. HP: 44/44 MP: 7/7
  2524 | D:4      | Found a runed translucent door.
  2631 | D:4      | 2631 ||| Stepping ~*~*~tactically~*~*~ (hiding).
  2742 | D:4      | 2742 ||| Stepping ~*~*~tactically~*~*~ (stealth).
  2744 | D:4      | 2744 ||| Stepping ~*~*~tactically~*~*~ (hiding).
  2813 | D:4      | Reached skill level 1 in Dodging
  2815 | D:4      | 2815 ||| FLEEEEING.
  2816 | D:4      | 2816 ||| FLEEEEING.
  3145 | D:4      | Found a runed translucent door.
  3145 | D:4      | Noticed qw's ghost (weakling MiHs)
  3205 | D:4      | Noticed Ijyb
  3217 | D:4      | Killed Ijyb
  3441 | D:4      | 3441 ||| UPGRADING to ring of positive energy.
  3442 | D:4      | 3442 ||| READING scroll labelled SIUPSIGAHA.
  3469 | D:4      | 3469 ||| READING scroll labelled JITAAJ FIRU.
  3470 | D:4      | 3470 ||| DRINKING 2 fuming clear potions.
  3471 | D:4      | 3471 ||| DRINKING 3 fuming amethyst potions.
  3472 | D:4      | 3472 ||| READING 2 scrolls of identify.
  3472 | D:4      | 3472 ||| IDENTIFYING smoky red potion
  3473 | D:4      | 3473 ||| DROPPING potion of invisibility.
  3520 | D:5      | Entered Level 5 of the Dungeon
  3525 | D:5      | Found a bloodstained altar of Trog.
  3672 | D:5      | Reached XP level 8. HP: 50/50 MP: 8/8
  3679 | D:5      | Found a glowing silver altar of Zin.
  3792 | D:5      | Reached skill level 6 in Fighting
  3821 | D:5      | Noticed Eustachio
  3892 | D:5      | Killed Eustachio
  3966 | D:5      | Found Mohofide's Distillery.
  3971 | D:5      | 3971 ||| BUYING potion of curing (33 gold).
  3971 | D:5      | Bought a potion of curing for 33 gold pieces
  3971 | D:5      | 3971 ||| BUYING potion of curing (33 gold).
  3971 | D:5      | Bought a potion of curing for 33 gold pieces
  3971 | D:5      | 3971 ||| BUYING potion of curing (33 gold).
  3971 | D:5      | Bought a potion of curing for 33 gold pieces
  3971 | D:5      | 3971 ||| SHOPLISTING potion of enlightenment (55 gold, have
                  | 38).
  3971 | D:5      | 3971 ||| SHOPLISTING potion of mutation (88 gold, have 38).
  3971 | D:5      | 3971 ||| SHOPLISTING potion of resistance (110 gold, have
                  | 38).
  4104 | D:5      | Found a staircase to the Ecumenical Temple.
  4105 | D:5      | 4105 ||| PLANNING TEMPLE
  4105 | D:5      | 4105 ||| UPGRADING to ring of willpower.
  4106 | D:5      | 4106 ||| READING scroll labelled PIGIOS CISMASTRY.
  4114 | Temple   | Entered the Ecumenical Temple
  4208 | Temple   | 4208 ||| PLANNING OKAWARU WORSHIP
  4354 | Temple   | Became a worshipper of Warmaster Okawaru
  4355 | Temple   | 4355 ||| PLANNING D:1-11
  4504 | D:6      | Noticed Grinder
  4518 | D:6      | Paralysed by Grinder for 2 turns
  4521 | D:6      | Killed Grinder
  4768 | D:6      | Reached * piety under Okawaru
  4769 | D:6      | Reached XP level 9. HP: 38/57 MP: 9/9
  4769 | D:6      | 4769 ||| INVOKING Heroism.
  5057 | D:6      | 5057 ||| INVOKING Heroism.
  5144 | D:6      | 5144 ||| Stepping ~*~*~tactically~*~*~ (cloud).
  5162 | D:6      | 5162 ||| Stepping ~*~*~tactically~*~*~ (cloud).
  5449 | D:6      | 5449 ||| INVOKING Heroism.
  5455 | D:6      | Reached skill level 1 in Throwing
  5663 | D:6      | 5663 ||| UPGRADING to +0 helmet.
  5668 | D:6      | 5668 ||| DROPPING +1 hat.
  5669 | D:6      | 5669 ||| READING scroll labelled VAEKHOXAESS.
  5670 | D:6      | 5670 ||| READING scroll labelled GEMANU ZUHAOKK.
  5671 | D:6      | 5671 ||| READING 3 scrolls of identify.
  5671 | D:6      | 5671 ||| IDENTIFYING brown potion
  5672 | D:6      | 5672 ||| READING 2 scrolls of identify.
  5672 | D:6      | 5672 ||| IDENTIFYING glowing red potion
  5748 | D:7      | Reached skill level 1 in Invocations
  5763 | D:7      | 5763 ||| INVOKING Heroism.
  5772 | D:7      | 5772 ||| Stepping ~*~*~tactically~*~*~ (stealth).
  5773 | D:7      | 5773 ||| Stepping ~*~*~tactically~*~*~ (stealth).
  5892 | D:7      | 5892 ||| Stepping ~*~*~tactically~*~*~ (stealth).
  5894 | D:7      | 5894 ||| Stepping ~*~*~tactically~*~*~ (hiding).
  5898 | D:7      | 5898 ||| INVOKING Heroism.
  6052 | D:7      | Found a sparkling altar of Nemelex Xobeh.
  6056 | D:7      | 6056 ||| INVOKING Heroism.
  6172 | D:7      | 6172 ||| DROPPING +6 ring of intelligence.
  6173 | D:7      | 6173 ||| READING scroll labelled EGGY JOKHUTO.
  6181 | D:8      | 6181 ||| INVOKING Heroism.
  6187 | D:8      | Reached skill level 6 in Armour
  6187 | D:8      | Reached skill level 3 in Invocations
  6306 | D:8      | 6306 ||| INVOKING Heroism.
  6309 | D:8      | Reached XP level 10. HP: 19/64 MP: 9/12
  6309 | D:8      | HP: 13/64 [gnoll/+0 halberd[a gnoll sergeant] (6)]
  6310 | D:8      | 6310 ||| READING 5 scrolls of teleportation.
  6311 | D:8      | 6311 ||| DRINKING 2 potions of heal wounds.
  6509 | D:8      | Found a hide-covered altar of Uskayaw.
  6511 | D:8      | 6511 ||| Stepping ~*~*~tactically~*~*~ (stealth).
  6513 | D:8      | 6513 ||| INVOKING Heroism.
  6713 | D:8      | 6713 ||| UPGRADING to +0 plate armour.
  6727 | D:8      | 6727 ||| INVOKING Heroism.
  6743 | D:8      | 6743 ||| DROPPING +0 chain mail.
  6802 | D:8      | 6802 ||| INVOKING Heroism.
  6946 | D:8      | Found a staircase to the Lair.
  6964 | D:8      | 6964 ||| INVOKING Heroism.
  7381 | D:8      | 7381 ||| INVOKING Heroism.
  7385 | D:8      | HP: 16/64 [acid dragon/splash of acid (6)]
  7386 | D:8      | 7386 ||| READING 4 scrolls of teleportation.
  7387 | D:8      | 7387 ||| DRINKING potion of heal wounds.
  7708 | D:8      | 7708 ||| PLANNING LAIR
  7708 | D:8      | 7708 ||| READING scroll labelled CYQEYSO HOAKIO.
  7709 | D:8      | 7709 ||| DRINKING 2 sedimented silvery potions.
  7710 | D:8      | 7710 ||| DROPPING potion of brilliance.
  7751 | Lair:1   | Entered Level 1 of the Lair of Beasts
  7824 | Lair:1   | 7824 ||| Stepping ~*~*~tactically~*~*~ (hiding).
  7826 | Lair:1   | 7826 ||| INVOKING Heroism.
  7842 | Lair:1   | Reached ** piety under Okawaru
  7844 | Lair:1   | 7844 ||| INVOKING Heroism.
  8001 | Lair:1   | Noticed a cane toad
  8002 | Lair:1   | 8002 ||| INVOKING Heroism.
  8011 | Lair:1   | Killed a cane toad
  8012 | Lair:1   | Reached skill level 9 in Fighting
  8092 | Lair:1   | 8092 ||| INVOKING Heroism.
  8115 | Lair:1   | 8115 ||| INVOKING Heroism.
  8120 | Lair:1   | Reached XP level 11. HP: 57/71 MP: 11/14
  8238 | Lair:1   | 8238 ||| INVOKING Heroism.
  8284 | Lair:1   | Noticed a death yak
  8285 | Lair:1   | 8285 ||| Stepping ~*~*~tactically~*~*~ (stealth).
  8287 | Lair:1   | 8287 ||| INVOKING Heroism.
  8300 | Lair:1   | Killed a death yak
  8301 | Lair:1   | Reached skill level 12 in Axes
  8397 | Lair:1   | 8397 ||| Stepping ~*~*~tactically~*~*~ (stealth).
  8398 | Lair:1   | 8398 ||| Stepping ~*~*~tactically~*~*~ (stealth).
  8410 | Lair:1   | Reached skill level 9 in Armour
  8620 | Lair:1   | 8620 ||| READING 2 scrolls of identify.
  8620 | Lair:1   | 8620 ||| IDENTIFYING puce potion
  8657 | Lair:2   | 8657 ||| INVOKING Heroism.
  8670 | Lair:2   | Reached *** piety under Okawaru
  8742 | Lair:2   | 8742 ||| INVOKING Heroism.
  8743 | Lair:2   | 8743 ||| Stepping ~*~*~tactically~*~*~ (stealth).
  8768 | Lair:2   | 8768 ||| INVOKING Heroism.
  8773 | Lair:2   | Reached skill level 6 in Shields
  8835 | Lair:2   | Noticed a six-headed hydra
  8836 | Lair:2   | 8836 ||| INVOKING Heroism.
  8842 | Lair:2   | 8842 ||| SWAPPING to +1 flail of holy wrath.
  8845 | Lair:2   | Noticed a five-headed hydra
  8853 | Lair:2   | HP: 10/71 [six-headed hydra (11)]
  8854 | Lair:2   | 8854 ||| READING 3 scrolls of teleportation.
  8854 | Lair:2   | HP: 1/71 [six-headed hydra (5)]
  8855 | Lair:2   | 8855 ||| DRINKING potion of heal wounds.
  8857 | Lair:2   | Killed a six-headed hydra
  8858 | Lair:2   | Noticed a death yak
  8858 | Lair:2   | Noticed a death yak
  8858 | Lair:2   | Noticed a death yak
  8858 | Lair:2   | Noticed a death yak
  8858 | Lair:2   | Noticed a death yak
  8859 | Lair:2   | 8859 ||| READING 2 scrolls of teleportation.
  8859 | Lair:2   | Noticed a death yak
  8860 | Lair:2   | 8860 ||| SWAPPING to +0 war axe.
  8864 | Lair:2   | 8864 ||| INVOKING Heroism.
  8932 | Lair:2   | 8932 ||| INVOKING Heroism.
  8937 | Lair:2   | 8937 ||| SWAPPING to +1 flail of holy wrath.
  8940 | Lair:2   | HP: 15/72 [five-headed hydra (9)]
  8940 | Lair:2   | HP: 6/72 [five-headed hydra (9)]
  8941 | Lair:2   | 8941 ||| READING scroll of teleportation.
  8941 | Lair:2   | HP: 2/72 [five-headed hydra (4)]
  8942 | Lair:2   | Slain by a five-headed hydra

Levels and vault maps discovered:
D:1:      onia_arrival_pyramid, layout_basic
D:2:      layout_loops_cross, uniq_jessica
D:3:      layout_rooms, mainiacjoe_overflow_alcove_2, kennysheep_big_empty_room,
          grunt_ministairs_5, uniq_sigmund
D:4:      layout_loops_ring, ebering_ghost_sewer_f, nicolae_underground_beach,
          uniq_ijyb
D:5:      layout_rooms, mainiacjoe_overflow_boulevard, bloody_trog,
          minmay_temple_entry_overgrown, serial_shops,
          nicolae_shop_just_a_little_nook, kennysheep_boxes, uniq_eustachio
D:6:      layout_basic, nicolae_concentric_dashed_squares_mild, hellmonk_no_cap,
          uniq_grinder
D:7:      layout_rooms, nemelex_dance_club_becter, minmay_holes
D:8:      layout_loops_corners, mainiacjoe_overflow_cross_hatched,
          due_lair_maze_entry_diamond, nicolae_straight_to_the_point
Temple:   regret_index_temple_generic_petals
Lair:1:   layout_long_grid, grunt_forest_large_clearing_hut
Lair:2:   layout_chaotic_city, minmay_swamp_entry_eels,
          nicolae_snake_entry_squirm, grunt_megastairs_1

Skill      XL: |  1  2  3  4  5  6  7  8  9 10 11 |
---------------+----------------------------------+-----
Axes           | 2 3 4 11 12 | 12.0
Fighting       | 4 5 7 8 9 10 | 10.0
Dodging        | 1 2 |  2.3
Armour         | 4 6 8 9 |  9.0
Shields        | 4 5 6 |  6.1
Throwing       | 1 |  1.1
Invocations    | 3 4 |  4.0

Action                     |  1- 3 |  4- 6 |  7- 9 | 10-12 || total
---------------------------+-------+-------+-------+-------++-------
  Melee: War axe           |    69 |   114 |   428 |   227 ||   838
         Flail             |       |       |       |    18 ||    18
  Throw: Boomerang         |       |       |    22 |    53 ||    75
 Invoke: Heroism           |       |       |     8 |    18 ||    26
    Use: Scroll            |     3 |     3 |     9 |     7 ||    22
         Potion            |     1 |     1 |     2 |     4 ||     8
 Armour: Scale mail        |    42 |    50 |       |       ||    92
         Chain mail        |       |     3 |   275 |    13 ||   291
         Plate armour      |       |       |       |   206 ||   206
  Dodge: Dodged            |    33 |    29 |   143 |   117 ||   322
  Block: Buckler           |    14 |    16 |    82 |    85 ||   197

Table legend:
 A = Non-vault XP
 B = Vault XP
 C = Vault XP percentage of total XP
 D = Non-vault monster count
 E = Vault monster count
 F = Vault count percentage of total count
                 A         B        C        D         E       F
            +---------+---------+-------+---------+---------+-------
      Total |    9663 |    4344 |  31.0 |     179 |      25 |  12.3
            +---------+---------+-------+---------+---------+-------
        D:1 |      17 |       0 |   0.0 |      10 |       0 |   0.0
        D:2 |     102 |      37 |  26.6 |      21 |       1 |   4.5
        D:3 |      56 |     233 |  80.6 |      21 |       2 |   8.7
        D:4 |     389 |      36 |   8.5 |      23 |       1 |   4.2
        D:5 |     577 |     182 |  24.0 |      13 |       1 |   7.1
        D:6 |     961 |     489 |  33.7 |      23 |       5 |  17.9
        D:7 |     772 |     124 |  13.8 |      27 |       2 |   6.9
        D:8 |    1146 |    1169 |  50.5 |      18 |       8 |  30.8
     Lair:1 |    3720 |    1120 |  23.1 |      16 |       3 |  15.8
     Lair:2 |    1923 |     954 |  33.2 |       7 |       2 |  22.2
            +---------+---------+-------+---------+---------+-------
